 Dungeon Crawl Stone Soup version 0.22.1-6-g1668fe2 (webtiles) character file.

25 Monzz the Fighter (level 3, -4/38 HPs)
             Began as a Gnoll Wanderer on Jan 27, 2019.
             Slain by an ogre
             ... wielding a +0 giant club
              (12 damage)
             ... on level 2 of the Dungeon.
             The game lasted 00:06:32 (1338 turns).

Monzz the Fighter (Gnoll Wanderer)                  Turns: 1338, Time: 00:06:33

Health: -4/38      AC: 16    Str: 14    XL:     3   Next: 6%
Magic:  4/4        EV: 11    Int: 14    God:
Gold:   155        SH:  0    Dex: 15    Spells: 3/3 levels left

rFire    . . .     SeeInvis .   m - -2 dagger (curse)
rCold    . . .     Gourm    .   (no shield)
rNeg     . . .     Faith    .   a - +2 scale mail
rPois    .         Spirit   .   o - +2 helmet
rElec    .         Reflect  .   g - +1 cloak
rCorr    .         Harm     .   (no gloves)
MR       .....                  n - +0 pair of boots
Stlth    +.........             (no amulet)
HPRegen  0.12/turn              r - +2 ring of evasion
MPRegen  0.09/turn              (no ring)

@: no status effects
A: distributed training, fangs 1, strong nose
a: no special abilities


You were on level 2 of the Dungeon.
You were hungry.

You visited 1 branch of the dungeon, and saw 2 of its levels.

You collected 155 gold pieces.

Inventory:

Hand Weapons
 b - a +0 shortbow
 m - a cursed -2 dagger (weapon)
Missiles
 c - 87 arrows
 l - 18 poisoned needles
Armour
 a - a +2 scale mail (worn)
 g - a +1 cloak (worn)
 n - a +0 pair of boots (worn)
 o - a +2 helmet (worn)
Jewellery
 r - a +2 ring of evasion (left hand)
Scrolls
 e - a scroll of enchant armour
 k - a scroll of amnesia
Potions
 d - a potion of lignification
 p - 2 potions of magic
Comestibles
 f - 5 rations


   Skills:
 + Level 8.5 Fighting
 + Level 0.5 Short Blades
 + Level 0.5 Long Blades
 + Level 0.5 Axes
 + Level 0.5 Maces & Flails
 + Level 0.5 Polearms
 + Level 0.5 Staves
 + Level 0.5 Slings
 + Level 2.5 Bows
 + Level 0.5 Crossbows
 + Level 0.5 Throwing
 + Level 6.5 Armour
 + Level 0.5 Dodging
 + Level 2.3 Stealth
 + Level 0.5 Shields
 + Level 0.5 Unarmed Combat
 + Level 0.5 Spellcasting
 + Level 0.4 Conjurations
 + Level 0.4 Hexes
 + Level 0.4 Charms
 + Level 0.4 Summonings
 + Level 0.4 Necromancy
 + Level 0.4 Translocations
 + Level 0.4 Transmutations
 + Level 0.4 Fire Magic
 + Level 0.4 Ice Magic
 + Level 0.4 Air Magic
 + Level 0.4 Earth Magic
 + Level 0.4 Poison Magic
 + Level 0.7 Invocations
 + Level 2.5 Evocations


You had 3 spell levels left.
You didn't know any spells.
Your spell library was empty.

Dungeon Overview and Level Annotations

Branches:
Dungeon (2/15)

Altars:


Innate Abilities, Weirdness & Mutations

Your experience applies equally to all skills.
You have very sharp teeth.
Your uncanny sense of smell can sniff out nearby items.


Message History

You hit the ogre but do no damage.
The ogre is moderately wounded.
You hit the ogre. You bite the ogre.
The ogre is moderately wounded.
The ogre closely misses you.
You hit the ogre but do no damage.
The ogre is moderately wounded.
The ogre closely misses you.
You hit the ogre.
The ogre is heavily wounded.
The ogre closely misses you.
You hit the ogre.
The ogre is heavily wounded.
Your scale mail prevents you from hitting the ogre.
The ogre is heavily wounded.
The ogre misses you.
You hit the ogre.
The ogre is severely wounded.
The ogre hits you with a giant club!
You die...

....###.......##..# ###
#.##.#.#..........# #..
#.....####........# #.#
########.......)#.# #####.#
#.####..(..###### #...... #.#
####...(...####.###.# ##.##
#.#####.#........# #...#
#O###.#.#.##.##... #...#
#@##...†.....##.## ### #<..#
#.##....#.#####.# ..# #...#
#.##....#.#####.# #.#
#...######.......#.......#
#.#####........#.##.#..###.....#
#................##.#..###.....#
....................#..........#
.................####..###.....##
#######........#.####..##.......#


You could see an ogre.

Vanquished Creatures
  A worm (D:2)
  4 bats
  A goblin (D:2)
  3 hobgoblins
  A jackal (D:2)
  6 kobolds
  5 frilled lizards
  4 rats
25 creatures vanquished.

Notes
Turn   | Place    | Note
-------+----------+-------------------------------------------
     0 | D:1      | Monzz the Gnoll Wanderer began the quest for the Orb.
     0 | D:1      | Monzz set off with: a +2 scale mail, a +0 shortbow, 29
                  | arrows, a potion of lignification, a ration
     0 | D:1      | Reached XP level 1. HP: 26/26 MP: 2/2
   437 | D:1      | Reached XP level 2. HP: 33/33 MP: 3/3
  1061 | D:2      | Reached XP level 3. HP: 38/38 MP: 4/4
  1288 | D:2      | Noticed an ogre
  1338 | D:2      | Slain by an ogre

Action                   || total
-------------------------++-------
Melee: Dagger            ||   167
       Bite              ||    22
 Fire: Shortbow          ||    33
  Use: Scroll            ||     6
       Potion            ||     2
  Eat: Chunk             ||     1
Armor: Scale mail        ||   102
Dodge: Dodged            ||   128
